 Seeded DCSS version 0.29-a0-356-g7bc237e783 (webtiles) character file.

Game seed: 16244844673150202255 (custom seed)

25 lucidbluej the Skirmisher (level 3, 0/40 HPs)
             Began as an Ogre Berserker on Apr 26, 2022.
             Was a Follower of Trog.
             Succumbed to an adder's poison
             ... on level 2 of the Dungeon.
             The game lasted 00:03:44 (186 turns).

lucidbluej the Skirmisher (Ogre Berserker)           Turns: 186, Time: 00:03:45

Health: 0/40       AC:  3    Str: 23    XL:     3   Next: 6%
Magic:  3/3        EV: 10    Int:  8    God:    Trog [*.....]
Gold:   11         SH:  0    Dex:  8    Spells: 2/2 levels left

rFire   . . .      SeeInvis .   e - +2 spear (vorpal)
rCold   . . .      Faith    .   (no shield)
rNeg    . . .      Spirit   .   b - +0 animal skin
rPois   .          Reflect  .   (helmet restricted)
rElec   .          Harm     .   (no cloak)
rCorr   .          Rampage  .   (gloves unavailable)
Will    .....                   (boots unavailable)
Stlth   +.........              (no amulet)
HPRegen 0.13/turn               (no ring)
MPRegen 0.08/turn               (no ring)

@: lethally poisoned (0 -> -5)
A: large, unfitting armour, tough skin 1
a: Renounce Religion, Berserk


You were on level 2 of the Dungeon.
You worshipped Trog.
Trog was aware of your devotion.
You visited 1 branch of the dungeon, and saw 2 of its levels.

You collected 11 gold pieces.

Inventory:

Hand Weapons
 a - a +0 hand axe
 c - a +0 club
 d - a +0 club
 e - a +2 vorpal spear (weapon)
 g - a +0 short sword
 h - a +0 club
 i - a +0 dagger
 j - a +0 short sword
Missiles
 f - 13 stones (quivered)
Armour
 b - a +0 animal skin (worn)
 k - a +0 robe


   Skills:
 + Level 4.5 Fighting
 + Level 3.3 Axes
 + Level 3.1 Dodging


You had 2 spell levels left.
You didn't know any spells.
Your spell library was empty.

Dungeon Overview and Level Annotations

Branches:
Dungeon (2/15)

Altars:


Innate Abilities, Weirdness & Mutations

You are too large for most types of armour.
You have tough skin. (AC +1)


Message History

You kill the ball python!
Trog accepts your kill. The dart slug bites you.
* * * LOW HITPOINT WARNING * * *
You hit the dart slug.
You kill the dart slug!
Trog accepts your kill.
You have reached level 3!
Your experience leads to an increase in your attributes!
Increase (S)trength, (I)ntelligence, or (D)exterity?
Uppercase letters only, please.
You feel stronger. x3
f - 13 stones (gained 1)
There are no items here.
Found a stone staircase leading down.
Found a short sword.
There is a stone staircase leading down here.
You see here a +0 short sword.
j - a +0 short sword
There is a stone staircase leading down here.
You climb downwards.
Found a robe, a smoky pink potion and 10 gold pieces.
Found a faded altar of an unknown god.
Found an escape hatch in the ceiling.
Found a stone staircase leading up.
There is a stone staircase leading up here.
You see here a +0 robe.
k - a +0 robe You barely miss the adder.
The adder bites you.
* * * LOW HITPOINT WARNING * * *
The adder bites you.
* * * LOW HITPOINT WARNING * * *
You are lethally poisoned!
The adder poisons you!
You hit the adder.
The adder is heavily wounded.
* * * LOW HITPOINT WARNING * * *
You feel sick. The adder bites you but does no damage.
You barely miss the adder.
The adder is heavily wounded.
You die...

## .. . .## #.
#######..#
#..#.....#..##
.....<......#
#.#...#@#..#
#..._..S# .#
#.<...<.# #
#...#...#
##.....##
###!### .. .$.
....


You could see an adder.

Vanquished Creatures
  A gnoll (D:1)
  2 dart slugs (D:1)
  A hobgoblin (D:1)
  4 ball pythons (D:1)
  5 kobolds (D:1)
  A rat (D:1)
14 creatures vanquished.

Vanquished Creatures (others)
  14 plants (D:1)
14 creatures vanquished.

Grand Total: 28 creatures vanquished

Notes
Turn   | Place    | Note
-------+----------+-------------------------------------------
     0 | D:1      | lucidbluej the Ogre Berserker began the quest for the Orb.
     0 | D:1      | Reached XP level 1. HP: 24/24 MP: 1/1
    79 | D:1      | Reached XP level 2. HP: 20/32 MP: 2/2
   161 | D:1      | Reached XP level 3. HP: 4/40 MP: 3/3
   177 | D:2      | Found a faded altar of an unknown god.
   184 | D:2      | HP: 2/40 [adder (4)]
   186 | D:2      | Succumbed to an adder's poison

Illustrated notes

Levels and vault maps discovered:
D:1:      mushboom_english_gardens, layout_rooms, kennysheep_boxes
D:2:      layout_loops_ring, nicolae_ecumenical_pavilion,
          chequers_decorated_corner, grunt_ministairs_15

Skill      XL: |  1  2 |
---------------+-------+-----
Dodging        | 3 |  3.1
Fighting       | |  4.5
Axes           | |  3.3

Action                   || total
-------------------------++-------
Melee: Hand axe          ||     5
       Spear             ||    23
Throw: Stone             ||     9
  Use: Potion            ||     1
       Scroll            ||     1
Armor: Animal skin       ||    11
Dodge: Dodged            ||    13

Table legend: (Time is in decaauts)
 A = Elapsed time spent in this place.
 B = Non-inter-level travel time spent in this place.
 C = Inter-level travel time spent in this place.
 D = Time resting spent in this place.
 E = Time spent auto-exploring this place.
 F = Levels seen in this place.
 G = Mean time per level.
                   A        B        C        D        E       F      G
               +--------+--------+--------+--------+--------+-----+--------+
         Total |    187 |    102 |     85 |      0 |      0 |   2 |   93.5 |
       Dungeon |    187 |    102 |     85 |      0 |      0 |   2 |   93.5 |
               +--------+--------+--------+--------+--------+-----+--------+

Top non-repeatable levels by time:
     D:1: 178 daAuts
     D:2: 8 daAuts
